[Event "Early-Titled-Tuesday-Blitz-September-26-2023"]
[Site "Chess.com"]
[Date "2023.09.26"]
[Round "11"]
[White "Arek_pacitan"]
[Black "Maxfan2008"]
[Result "0-1"]
[WhiteElo "2672"]
[BlackElo "2585"]
[TimeControl "180+1"]
[EndTime "10:04:18 PDT"]
[Termination "Maxfan2008 won by resignation"]

1. e4 c5 2. Nf3 d6 3. d4 cxd4 4.
Nxd4 Nf6 5. Nc3 a6 6. Be3 e5 7.
Nb3 Be6 8. f3 Be7 9. Qd2 O-O 10.
g4 d5 11. g5 d4 12. gxf6 Bxf6 13. Bf2 dxc3 14. Qxc3 Nc6 15. Bd3 Be7 16. Qd2 Bg5 17. Be3 Bh4+ 18. Bf2 Bg5 19. Be3 Bh4+ 20. Bf2 Bxf2+ 21. Qxf2 Nb4 22. O-O-O Nxa2+ 23. Kb1 Nb4 24. Bc4 Qe7 25. Bxe6 Qxe6 26. Rhg1 a5 27. Nc1 Rfc8 28. c3 Na6 29. Rd5 Nc7 30. Qg3 g6 31. Rxe5 Qb6 32. Re7 Nb5 33. Qf4 Rf8 34. Qe5 Na3+ 0-1

[Event "Early-Titled-Tuesday-Blitz-September-26-2023"]
[Site "Chess.com"]
[Date "2023.09.26"]
[Round "11"]
[White "viktorskliarov"]
[Black "Herman-NY"]
[Result "1-0"]
[WhiteElo "2657"]
[BlackElo "2503"]
[TimeControl "180+1"]
[EndTime "10:04:20 PDT"]
[Termination "viktorskliarov won on time"]

1. e4 c5 2. Nf3 Nc6 3. Bb5 e6 4. Bxc6 bxc6 5. d3 Ne7 6. Qe2 Ng6 7. h4 h5 8. e5 f6 9. Qe4 Kf7 10. Na3 d5 11. exd6 Qxd6 12. Nc4 Qd5 13. Bd2 e5 14. Ne3 Qe6 15. Ba5 Be7 16. b3 Rb8 17. a4 Nf4 18. g3 Nd5 19. Nc4 Bd7 20. O-O-O Qf5 21. Rhe1 Be6 22. Ncxe5+ fxe5 23. Nxe5+ Ke8 24. Nxc6 1-0

[Event "Early-Titled-Tuesday-Blitz-September-26-2023"]
[Site "Chess.com"]
[Date "2023.09.26"]
[Round "11"]
[White "Mr_Lion22"]
[Black "ActorXu"]
[Result "0-1"]
[WhiteElo "2502"]
[BlackElo "2714"]
[TimeControl "180+1"]
[EndTime "10:04:24 PDT"]
[Termination "ActorXu won by resignation"]

1. d4 Nf6 2. c4 e6 3. Nc3 Bb4 4. f3 Nc6 5. e4 e5 6. d5 Bxc3+ 7. bxc3 Na5 8. c5 d6 9. Ba3 O-O 10. Qa4 b6 11. c6 Nh5 12. g3 f5 13. Bd3 fxe4 14. Bxe4 Ba6 15. Bb4 Nf6 16. Bxa5 bxa5 17.
Qxa5 Nxe4 18. fxe4 Rf1+ 19. Kd2 Qg5+ 20. Kc2 Rxa1 21.
Nh3 Qe3 22. Rxa1 Bd3+ 23. Kb3 Rb8+ 24. Ka3 Qd2 0-1

[Event "Early-Titled-Tuesday-Blitz-September-26-2023"]
[Site "Chess.com"]
[Date "2023.09.26"]
[Round "11"]
[White "Kostukov_Alex"]
[Black "Mikhail_Golubev"]
[Result "0-1"]
[WhiteElo "2409"]
[BlackElo "2587"]
[TimeControl "180+1"]
[EndTime "10:04:28 PDT"]
[Termination "Mikhail_Golubev won by resignation"]

1. g3 g6 2. Bg2 Bg7 3. c4 e5 4.
Nc3 Nc6 5. d3 d6 6. Nf3 f5 7. O-O h6 8. Qd2 Nf6 9. Rb1 a5 10. a3 O-O 11. b4 axb4 12. axb4 Kh7 13. b5 Ne7 14. Bb2 g5 15. Ra1 Rb8 16. Ne1 Ng6 17.
Nc2 g4 18. Nb4 h5 19. Nbd5 Bh6 20. Qc2 Nxd5 21. Nxd5 h4 22. b6 c6 23. Nc7 f4 24.
Be4 hxg3 25. fxg3 fxg3 26. hxg3 Be3+ 27. Kg2 Kg7 28. d4 Nh4+ 29. Kh1 Rh8 30. dxe5 Nf5+ 31.
Kg2 Rh2+ 0-1

[Event "Early-Titled-Tuesday-Blitz-September-26-2023"]
[Site "Chess.com"]
[Date "2023.09.26"]
[Round "11"]
[White "Mikhail_Bryakin"]
[Black "Vanina1989"]
[Result "1-0"]
[WhiteElo "2841"]
[BlackElo "2716"]
[TimeControl "180+1"]
[EndTime "10:04:30 PDT"]
[Termination "Mikhail_Bryakin won by resignation"]

1. Nf3 d5 2. b3 c6 3. Bb2 Bg4 4. d3 Nd7 5. Nbd2 Ngf6 6. h3 Bh5 7. g4 Bg6 8. Bg2 e6 9. Nh4 Bc5 10. e3 Qe7 11. a3 a5 12. Qe2 O-O 13. f4 Ne8 14.
Ndf3 Bb6 15. Nxg6 hxg6 16. h4 a4 17. b4 c5 18. h5 gxh5 19. Rxh5 cxb4 20. Qf1 Nef6 21.
Rh4 Nxg4 22. Rxg4 f6 23. Qf2 bxa3 24. Bxa3 Bc5 25. Bxc5 Qxc5 26. Qd2 Rfc8 27. Nd4 Kf7 28. Rxg7+ Ke8 29. Qe2 Nf8 30. Qh5+ Kd8 31. Qf7 Rc7 32. Qxf8+ Qxf8 33. Nxe6+ Kc8 34. Rxc7+ Kb8 35. Nxf8 Kxc7 36. Ne6+ 1-0

[Event "Early-Titled-Tuesday-Blitz-September-26-2023"]
[Site "Chess.com"]
[Date "2023.09.26"]
[Round "11"]
[White "astralpulse"]
[Black "Squirlolz"]
[Result "1-0"]
[WhiteElo "2683"]
[BlackElo "2568"]
[TimeControl "180+1"]
[EndTime "10:04:32 PDT"]
[Termination "astralpulse won by resignation"]

1. d4 Nf6 2. c4 c5 3. d5 e6 4.
Nc3 exd5 5. cxd5 d6 6. g3 g6 7.
Bg2 Bg7 8. Nf3 O-O 9. O-O Nbd7 10. Bf4 Qe7 11. h3 Nh5 12. Bg5 f6 13. Bd2 f5 14.
Rb1 Ne5 15. Nxe5 Bxe5 16. e3 Bd7 17. b4 Rfc8 18. bxc5 Rxc5 19. Ne2 b5 20. Bb4 Rc4 21. Nd4 a5 22. Be1 Bxd4 23. exd4 b4 24. Bd2 Qf7 25.
Re1 Nf6 26. Bf4 Ra6 27. Qe2 Bb5 28. a4 Rb6 29. axb5 Rc7 30. Rec1 Rxc1+ 31. Rxc1 Nxd5 32. Rc8+ Kg7 33. Bxd5 Qxd5 34. Qe7+ Qf7 35. Bh6+ 1-0

[Event "Early-Titled-Tuesday-Blitz-September-26-2023"]
[Site "Chess.com"]
[Date "2023.09.26"]
[Round "11"]
[White "KorolDimitriy75"]
[Black "Aariow"]
[Result "0-1"]
[WhiteElo "2405"]
[BlackElo "2591"]
[TimeControl "180+1"]
[EndTime "10:04:34 PDT"]
[Termination "Aariow won on time"]

1. d4 d5 2. c4 e6 3. Nc3 Nf6 4. Bg5 Nbd7 5. cxd5 exd5 6. e3 c6 7. Bd3 Be7 8. Qc2 O-O 9. Nge2 Re8 10. f3 b5 11. O-O a5 12. Rad1 Bb7 13. Bh4 Rc8 14. Bf2 b4 15. Na4 c5 16. Nxc5 Nxc5 17. dxc5 Bxc5 18. Qd2 Qb6 19. Nd4 Nh5 20. Bb1 Ba6 21. Rfe1 b3 22. Nxb3 Bb4 23. Qxd5 Bxe1 24. Rxe1 Nf4 25.
Qf5 Ne2+ 26. Rxe2 g6 27. Qf4 Bxe2 28. h4 Qc7 29. Qh6 Rcd8 30. e4 Rd1+ 31. Be1 Rxe1+ 32.
Kf2 Rxb1 33. h5 Rxb2 34. hxg6 fxg6 0-1

[Event "Early-Titled-Tuesday-Blitz-September-26-2023"]
[Site "Chess.com"]
[Date "2023.09.26"]
[Round "11"]
[White "CraiggoryC"]
[Black "rikchessmx"]
[Result "1-0"]
[WhiteElo "2264"]
[BlackElo "2340"]
[TimeControl "180+1"]
[EndTime "10:04:35 PDT"]
[Termination "CraiggoryC won on time"]

1. e4 e5 2. Nc3 Bc5 3. Nf3 d6 4.
d4 exd4 5. Nxd4 c6 6. Be3 Qf6 7. Be2 Ne7 8. O-O Ng6 9. Na4 Bb4 10. a3 Ba5 11. Nb3 Bc7 12. Re1 O-O 13. Nc3 Re8 14.
Bd4 Qg5 15. Bf1 Nf4 16. Qf3 Bg4 17. Qg3 d5 18. exd5 Nd7 19. Kh1 1-0

[Event "Early-Titled-Tuesday-Blitz-September-26-2023"]
[Site "Chess.com"]
[Date "2023.09.26"]
[Round "11"]
[White "DTChess"]
[Black "skkeyan1309"]
[Result "0-1"]
[WhiteElo "2615"]
[BlackElo "2737"]
[TimeControl "180+1"]
[EndTime "10:04:36 PDT"]
[Termination "skkeyan1309 won by resignation"]

1. e4 e6 2. d4 d5 3. Nc3 Bb4 4. e5 c5 5. a3 Bxc3+ 6. bxc3 Ne7 7. Nf3 Qc7 8. Bd3 Bd7 9. a4 Nbc6 10. Ba3 b6 11.
O-O Na5 12. dxc5 bxc5 13. c4 dxc4 14. Be4 Bc6 15. Qe2 Bxe4 16. Qxe4 Nd5 17. Qg4 O-O 18. h4 Rad8 19. h5 h6 20. Rfe1 Nb4 21. Re2 Kh8 22.
Rae1 c3 23. Bc1 Nac6 24. Bxh6 gxh6 25. Qf4 f6 26. Qxh6+ Qh7 27. Qe3 Nd4 28. Nxd4 cxd4 29. Qh3 Nxc2 30. Rxc2 Qxc2 31. exf6 Qf5 32. Qg3 Qxf6 33.
f3 d3 0-1

[Event "Early-Titled-Tuesday-Blitz-September-26-2023"]
[Site "Chess.com"]
[Date "2023.09.26"]
[Round "11"]
[White "Balla_Tamas"]
[Black "Austen48"]
[Result "1-0"]
[WhiteElo "2418"]
[BlackElo "2291"]
[TimeControl "180+1"]
[EndTime "10:04:39 PDT"]
[Termination "Balla_Tamas won by resignation"]

1. e4 c5 2. c3 Nf6 3. e5 Nd5 4. d4 cxd4 5. Nf3 e6 6. cxd4 d6 7. a3 Bd7 8. Bd3 Bc6 9. O-O Nd7 10. Qe2 Be7 11. Rd1 Qc7 12. Bd2 a6 13. Nc3 Rc8 14.
Rac1 Qb8 15. Ne4 dxe5 16. dxe5 h6 17. Bc4 b5 18. Bxd5 Bxd5 19. Rxc8+ Qxc8 20. Nd6+ Bxd6 21. exd6 O-O 22. Bc3 Qc4 23. Qe3 Qg4 24. Rd4 Qg6 25. h3 Rc8 26. Rg4 Qb1+ 27. Kh2 f6 28. Qxh6 Qh7 29.
Qf4 e5 30. Qg3 Be6 31. Rh4 Qd3 32. Rh5 Rxc3 33. bxc3 Qxc3 34. Qh4 Qd3 35. Rh8+ Kf7 36. Qh5+ Qg6 37. Qh4 Nf8 38. Nxe5+ Ke8 39. Nxg6 1-0

[Event "Early-Titled-Tuesday-Blitz-September-26-2023"]
[Site "Chess.com"]
[Date "2023.09.26"]
[Round "11"]
[White "Barmen_EV"]
[Black "FREDERICKtheMATE"]
[Result "0-1"]
[WhiteElo "2453"]
[BlackElo "2601"]
[TimeControl "180+1"]
[EndTime "10:04:40 PDT"]
[Termination "FREDERICKtheMATE won by checkmate"]

1. e4 c5 2. c3 d5 3. exd5 Qxd5 4. d4 g6 5. Nf3 Bg7 6. Be2 Nf6 7. O-O O-O 8. Be3 cxd4 9. cxd4 Nc6 10. Nc3 Qa5 11.
a3 Bg4 12. h3 Bxf3 13. Bxf3 Rfd8 14. Qb3 Qc7 15. Rac1 Qd7 16. Rfd1 Rac8 17. Na4 b6 18. Qb5 Nd5 19. Nc3 Nxe3 20. fxe3 Na5 21. Qxd7 Rxd7 22.
Nd5 Rcd8 23. b4 Nb7 24. Nc7 Nd6 25. Na6 e5 26. Bc6 Re7 27. d5 e4 28. b5 Bb2 29.
Rc2 Be5 30. Nb4 f5 31. Kf2 g5 32. g3 h5 33. a4 Rh7 34. Ra2 h4 35. g4 fxg4 36. hxg4 Rf8+ 37. Kg2 h3+ 38. Kh1 Rhf7 39. Raa1 Rf2 40. a5 Rh2+ 41. Kg1 Rff2 42. axb6 Rfg2+ 43. Kf1 Rh1# 0-1

[Event "Early-Titled-Tuesday-Blitz-September-26-2023"]
[Site "Chess.com"]
[Date "2023.09.26"]
[Round "11"]
[White "Mariia89"]
[Black "PawnEatingZombie"]
[Result "1-0"]
[WhiteElo "2087"]
[BlackElo "2134"]
[TimeControl "180+1"]
[EndTime "10:04:41 PDT"]
[Termination "Mariia89 won on time"]

1. d4 Nf6 2. Nf3 c5 3. d5 b5 4. c4 Bb7 5. b3 g6 6. Bb2 Bg7 7. Nbd2 O-O 8. e4 d6 9. Be2 bxc4 10. Bxc4 Nbd7 11. Qc2 Nb6 12. O-O Nxc4 13. Nxc4 a5 14. Rfe1 a4 15. bxa4 Ba6 16. Nfd2 Qc7 17. a5 Bxc4 18.
Nxc4 Rfb8 19. Bc3 Nd7 20. Bxg7 Kxg7 21. Qc3+ f6 22. Rab1 Ne5 23. Nb6 Ra6 24. f4 Nf7 25. h3 Rb7 26. Nc4 g5 27. g3 h6 28. Rb6 Rba7 29. Reb1 Qd7 30. Kg2 Qa4 31. R1b2 h5 32. Rb8 Qd1 33. Qc2 Qe1 34. Qe2 Qc3 35. Rc2 Qa1 36.
Qxh5 1-0

[Event "Early-Titled-Tuesday-Blitz-September-26-2023"]
[Site "Chess.com"]
[Date "2023.09.26"]
[Round "11"]
[White "attack2mateU"]
[Black "blitzo_vich"]
[Result "1-0"]
[WhiteElo "2752"]
[BlackElo "2648"]
[TimeControl "180+1"]
[EndTime "10:04:42 PDT"]
[Termination "attack2mateU won by checkmate"]

1. e4 c5 2. Nf3 e6 3. c3 Nf6 4. e5 Nd5 5. d4 cxd4 6. cxd4 d6 7.
Bc4 Nc6 8. O-O Nb6 9. Bd3 Be7 10. Nc3 O-O 11. Qe2 Nb4 12. Bb1 N6d5 13. Qe4 f5 14. exf6 Nxf6 15. Qe2 Re8 16. Ne4 Nbd5 17. Neg5 Bf8 18.
a4 h6 19. Ne4 Bd7 20. Ra3 Rc8 21. Nh4 Nxe4 22. Qxe4 Nf6 23. Qg6 Kh8 24. Bxh6 gxh6 25. Qf7 Bg7 26. Ng6+ Kh7 27. Rg3 Nh5 28. Nf4+ Kh8 29.
Nxh5 Bxd4 30. Qh7# 1-0

[Event "Early-Titled-Tuesday-Blitz-September-26-2023"]
[Site "Chess.com"]
[Date "2023.09.26"]
[Round "11"]
[White "Rutricks"]
[Black "Wizard_97"]
[Result "0-1"]
[WhiteElo "2668"]
[BlackElo "2552"]
[TimeControl "180+1"]
[EndTime "10:04:42 PDT"]
[Termination "Wizard_97 won by resignation"]

1. g4 d5 2. Bg2 Bxg4 3. c4 Be6 4. Qb3 Qc8 5. cxd5 Bd7 6. Nf3 g6 7. Ne5 Bg7 8. d6 cxd6 9. Qxf7+ Kd8 10. Nd3 Bf6 11.
Nc3 Be6 12. Qf8+ Kd7 13. Qxc8+ Kxc8 14. Nd5 Nd7 15. Nxf6 Ngxf6 16. b3 Bd5 17. f3 a5 18.
Bb2 Rf8 19. Bh3 Kb8 20. Nf4 Bg8 21. Ne6 Rc8 22. Nd4 Ra6 23. Kf2 e5 24. Nb5 Rc5 25.
Nc3 b5 26. Ne4 Nxe4+ 27. fxe4 Nf6 28. Ke3 Nh5 29. Rac1 Rac6 30. Rxc5 Rxc5 31. Bd7 Kc7 32. Bg4 Nf6 33. Bc3 Nxg4+ 0-1

[Event "Early-Titled-Tuesday-Blitz-September-26-2023"]
[Site "Chess.com"]
[Date "2023.09.26"]
[Round "11"]
[White "elegant285"]
[Black "AnaKuchava"]
[Result "1-0"]
[WhiteElo "2403"]
[BlackElo "2258"]
[TimeControl "180+1"]
[EndTime "10:04:49 PDT"]
[Termination "elegant285 won on time"]

1. d4 d5 2. c4 e6 3. Nc3 Be7 4. Bf4 Nf6 5. e3 c5 6. dxc5 Bxc5 7. cxd5 Nxd5 8. Nxd5 exd5 9. a3 O-O 10. Nf3 Nc6 11.
Bd3 d4 12. Bxh7+ Kh8 13. Nxd4 Qa5+ 14. b4 Bxb4+ 15. axb4 Qxb4+ 16. Kf1 Kxh7 17. Nf3 Bf5 18. h4 Rfd8 19. Ng5+ Kg8 20. Qh5 Bg6 21. Qg4 Ne5 22.
Qg3 Qb2 23. Bxe5 Bd3+ 24. Kg1 Qb5 25. Kh2 1-0

[Event "Early-Titled-Tuesday-Blitz-September-26-2023"]
[Site "Chess.com"]
[Date "2023.09.26"]
[Round "11"]
[White "C_K_G"]
[Black "FoxOnTheRun97"]
[Result "1-0"]
[WhiteElo "1967"]
[BlackElo "2534"]
[TimeControl "180+1"]
[EndTime "10:04:50 PDT"]
[Termination "C_K_G won by resignation"]

1. e4 c6 2. Nf3 d5 3. Nc3 Bg4 4. exd5 cxd5 5. Bb5+ Nc6 6. h3 Bxf3 7. Qxf3 e6 8. d4 Bd6 9. Bf4 Ne7 10. O-O O-O 11. Bxc6 bxc6 12. b3 Nf5 13. Ne2 c5 14. c3 cxd4 15.
Nxd4 Nxd4 16. cxd4 Rc8 17. Bxd6 Qxd6 18. Rac1 Qa3 19. Rxc8 Rxc8 20. Qe2 h6 21. g3 Rc3 22.
Rd1 Qa5 23. Kg2 Qc7 24. Rd3 Rc1 25. h4 g6 26. h5 g5 27. Rf3 Qc2 28. Qe5 Qd1 29.
Qb8+ Kg7 30. Qe5+ Kg8 31. Qb8+ Kg7 32. Qe5+ Kf8 33. Qb8+ Ke7 34. Qb7+ Kd6 35. Qb8+ Kd7 36.
Rxf7+ Kc6 37. Rc7+ Kd6 38. Rxc1+ 1-0

[Event "Early-Titled-Tuesday-Blitz-September-26-2023"]
[Site "Chess.com"]
[Date "2023.09.26"]
[Round "11"]
[White "Roman_Ovetchkin"]
[Black "FGHSMN"]
[Result "0-1"]
[WhiteElo "2699"]
[BlackElo "2856"]
[TimeControl "180+1"]
[EndTime "10:04:51 PDT"]
[Termination "FGHSMN won on time"]

1. d4 Nf6 2. c4 d6 3. Nf3 g6 4. Nc3 Bf5 5. Nh4 Bd7 6. g3 Bg7 7. Bg2 Nc6 8. O-O e5 9. d5 Ne7 10. e4 O-O 11. Nf3 h6 12. Ne1 Ne8 13. Nd3 f5 14. f4 exf4 15. Nxf4 Nf6 16. exf5 Bxf5 17. h3 g5 18. Ne6 Bxe6 19. dxe6 c6 20. Qd3 Qe8 21.
Bd2 Ng6 22. Rae1 Rd8 23. e7 Nxe7 24. Qe3 Rf7 25. Qxa7 Qd7 26. Qf2 Ng6 27. b3 Rdf8 28. Qe2 Ne5 29. Kh2 Re8 30. Qd1 Rfe7 31. Qc2 g4 32.
Ne4 Nxe4 33. Rxe4 Nf3+ 34. Bxf3 gxf3 35. Rxe7 Qxe7 36. Bf4 Qe2+ 37. Rf2 Qxc2 38. Rxc2 Bd4 39. Rc1 Re2+ 40. Kh1 Kf7 41. Rf1 f2 42. Kg2 Rxa2 43.
Bxh6 Rb2 44. Bf4 Rxb3 45. h4 Rc3 46. Rb1 b6 47. h5 Rxc4 48. h6 Rc2 0-1

[Event "Early-Titled-Tuesday-Blitz-September-26-2023"]
[Site "Chess.com"]
[Date "2023.09.26"]
[Round "11"]
[White "Flaccidmoves"]
[Black "wadsy27"]
[Result "0-1"]
[WhiteElo "2480"]
[BlackElo "2636"]
[TimeControl "180+1"]
[EndTime "10:04:51 PDT"]
[Termination "wadsy27 won by resignation"]

1. Nf3 d5 2. e3 g6 3. c4 c6 4. Nc3 Bg7 5. d4 Nf6 6. Be2 O-O 7. O-O Bg4 8. b3 Nbd7 9. h3 Bxf3 10.
Bxf3 e5 11. cxd5 exd4 12. exd4 Nxd5 13. Nxd5 cxd5 14. Bxd5 Qb6 15. Ba3 Rfd8 16. Qf3 Nf6 17. Bc5 Nxd5 18. Bxb6 axb6 19. a4 Rd7 20. Rac1 Rad8 21.
Rc4 h5 22. Rfc1 Bh6 23. R1c2 Nf4 24. Rc8 Rxc8 25. Rxc8+ Kg7 26. h4 Ne6 27. Qc3 Bf4 28. d5+ f6 29. dxe6 Rd1+ 0-1

[Event "Early-Titled-Tuesday-Blitz-September-26-2023"]
[Site "Chess.com"]
[Date "2023.09.26"]
[Round "11"]
[White "maurovargas01"]
[Black "campochess"]
[Result "0-1"]
[WhiteElo "1896"]
[BlackElo "2170"]
[TimeControl "180+1"]
[EndTime "10:04:57 PDT"]
[Termination "campochess won on time"]

1. e4 c5 2. Nf3 Nc6 3. d4 cxd4 4. Nxd4 e5 5. Nf3 Nf6 6. Nc3 Bb4 7. Bd3 d6 8. O-O Bg4 9. Nd5 Bc5 10. c3 Ne7 11. Nxf6+ gxf6 12. h3 Bd7 13. Kh1 O-O 14. Bh6 Re8 15. Nh4 Kh8 16. Nf5 Nxf5 17. exf5 Rg8 18. Qh5 Be8 19. Rad1 Qe7 20. Be4 Bc6 21. f3 Rad8 22.
Bd5 Be8 23. a4 Rd7 24. b4 Bb6 25. a5 Bd8 26. Rd3 Rc7 27. Rfd1 Bb5 28. Rd4 exd4 29. Bxf7 Qxf7 30. Qh4 d3 31. Qd4 Rc6 32. Re1 Qc4 0-1

[Event "Early-Titled-Tuesday-Blitz-September-26-2023"]
[Site "Chess.com"]
[Date "2023.09.26"]
[Round "11"]
[White "Witty_Alien"]
[Black "ViktoriyaTarasova"]
[Result "1-0"]
[WhiteElo "2241"]
[BlackElo "2371"]
[TimeControl "180+1"]
[EndTime "10:04:58 PDT"]
[Termination "Witty_Alien won by resignation"]

1. e4 c5 2. Nf3 d6 3. d4 cxd4 4. Nxd4 Nf6 5. Nc3 a6 6. Bc4 e6 7.
Bb3 b5 8. O-O Be7 9. f4 O-O 10.
Be3 Qc7 11. Qf3 b4 12. e5 Bb7 13. Qg3 bxc3 14. Bxe6 Ne4 15. Qg4 h5 16. Qxh5 cxb2 17. Bf5 g6 18. Bxg6 fxg6 19. Qxg6+ Kh8 20. Ne6 Bg5 21.
Nxc7 bxa1=Q 22. Rxa1 Be7 23. exd6 Bxd6 24. Bd4+ 1-0

[Event "Early-Titled-Tuesday-Blitz-September-26-2023"]
[Site "Chess.com"]
[Date "2023.09.26"]
[Round "11"]
[White "halfnatty"]
[Black "TheRigos"]
[Result "0-1"]
[WhiteElo "2705"]
[BlackElo "2632"]
[TimeControl "180+1"]
[EndTime "10:05:01 PDT"]
[Termination "TheRigos won by resignation"]

1. d4 d5 2. c4 e6 3. Nf3 Nf6 4. g3 c5 5. cxd5 exd5 6. Bg2 Nc6 7. O-O Be7 8. dxc5 Bxc5 9. a3 O-O 10. b4 Be7 11. Bb2 Ne4 12. Nbd2 Bf6 13. Bxf6 Qxf6 14. Nxe4 dxe4 15. Nd2 e3 16. fxe3 Qc3 17. Ne4 Qxe3+ 18.
Kh1 Bg4 19. Qd3 Qh6 20. Nc5 Rad8 21. Qc4 Rd4 22. Qc2 b6 23. Nb3 Rd6 24. Rad1 Re6 25.
Rd2 Ne5 26. Nd4 Rf6 27. Rxf6 Qxf6 28. h3 Bh5 29. Qe4 Rd8 30. Qf4 Qxf4 31. gxf4 Nc4 32. Rd3 Bxe2 0-1

[Event "Early-Titled-Tuesday-Blitz-September-26-2023"]
[Site "Chess.com"]
[Date "2023.09.26"]
[Round "11"]
[White "RamonManon0g"]
[Black "MAGMAchess02"]
[Result "0-1"]
[WhiteElo "2275"]
[BlackElo "2391"]
[TimeControl "180+1"]
[EndTime "10:05:01 PDT"]
[Termination "MAGMAchess02 won by resignation"]

1. e4 g6 2. d4 Bg7 3. Nc3 c6 4. Nf3 d5 5. e5 h5 6. Be2 Nh6 7.
O-O O-O 8. Bg5 Nf5 9. h3 b6 10. Qd2 Kh7 11. Rfe1 Bh6 12. Bxh6 Nxh6 13. Ng5+ Kg7 14.
e6 f6 15. Nf3 Bxe6 16. Ba6 Qd7 17. Bb7 Qxb7 18. Rxe6 Na6 19. Rae1 Rf7 20. Qe2 Re8 21.
a3 Nc7 22. Nh4 Nxe6 23. Qxe6 Qc8 24. f4 Qxe6 25. Rxe6 Rc8 26. Na2 Nf5 27. Nxf5+ gxf5 28. Nb4 c5 29. Nc6 Rc7 30. c3 Kf8 31. Kf2 Rg7 32.
dxc5 bxc5 33. Na5 Kf7 34. Ra6 d4 35. c4 Rd7 36. Nc6 d3 37. Ke3 d2 0-1

[Event "Early-Titled-Tuesday-Blitz-September-26-2023"]
[Site "Chess.com"]
[Date "2023.09.26"]
[Round "11"]
[White "sonicdravise"]
[Black "Let_it_be_1"]
[Result "1-0"]
[WhiteElo "2658"]
[BlackElo "2604"]
[TimeControl "180+1"]
[EndTime "10:05:07 PDT"]
[Termination "sonicdravise won by resignation"]

1. d4 d5 2. c4 e6 3. Nc3 Be7 4. cxd5 exd5 5. Qc2 c6 6. Bf4 g6 7. e3 Bf5 8. Bd3 Bxd3 9. Qxd3 Nf6 10. Nge2 Nbd7 11.
O-O O-O 12. Bh6 Re8 13. f3 Bd6 14. Bg5 Qc7 15. h3 Rad8 16. e4 dxe4 17. fxe4 Nc5 18. Qf3 Ncxe4 19. Nxe4 Nxe4 20. Bxd8 Qxd8 21. Qxf7+ Kh8 22.
Qxb7 Bb8 23. Rf7 Ng5 24. Rd7 Qf6 25. Rf1 Nxh3+ 26. gxh3 Qg5+ 27. Kh1 Qh4 28. Ng1 g5 29. Rdf7 Bd6 30. Qd7 Qe4+ 31. Nf3 Qg6 32. Rxh7+ Qxh7 33. Qxe8+ Qg8 34. Qh5+ Qh7 35. Qxh7+ Kxh7 36. Nxg5+ Kg6 37.
Ne4 1-0

[Event "Early-Titled-Tuesday-Blitz-September-26-2023"]
[Site "Chess.com"]
[Date "2023.09.26"]
[Round "11"]
[White "ChainedDowntohell"]
[Black "bubeliang"]
[Result "0-1"]
[WhiteElo "2457"]
[BlackElo "2630"]
[TimeControl "180+1"]
[EndTime "10:05:08 PDT"]
[Termination "bubeliang won on time"]

1. d4 Nf6 2. c4 e6 3. Nf3 d5 4. Nc3 c5 5. e3 Nc6 6. cxd5 exd5 7. Bb5 Bd6 8. dxc5 Bxc5 9. O-O O-O 10. b3 d4 11. exd4 Nxd4 12. Nxd4 Bxd4 13. Bb2 Ne4 14.
Qf3 Nd2 15. Qg3 Nxf1 16. Bxf1 Bxc3 17. Bxc3 f6 18. h4 Bf5 19. h5 Qe8 20. h6 Qg6 21. hxg7 Qxg7 22. Qf4 Bd7 23. Rd1 Bc6 24. Rd6 Rf7 25.
g3 Qg6 26. Bd3 Qh5 27. f3 Bxf3 28. Kf2 Bc6 29. g4 Qh4+ 30. Qg3 Qg5 31. Bc4 Rf8 0-1

[Event "Early-Titled-Tuesday-Blitz-September-26-2023"]
[Site "Chess.com"]
[Date "2023.09.26"]
[Round "11"]
[White "ExchangeAB"]
[Black "Dewarfd"]
[Result "1/2-1/2"]
[WhiteElo "2435"]
[BlackElo "2175"]
[TimeControl "180+1"]
[EndTime "10:05:09 PDT"]
[Termination "Game drawn by repetition"]

1. d4 d5 2. Nc3 e6 3. Bf4 Nf6 4. e3 Bd6 5. Nf3 Bxf4 6. exf4 O-O 7. Bd3 b6 8. O-O Ba6 9. Bxa6 Nxa6 10. Ne5 c5 11.
Nb5 cxd4 12. Nxd4 Nc5 13. f3 Rc8 14. c3 Ncd7 15. Nxd7 Qxd7 16. Qe2 Qc7 17. g3 Qc4 18. Rae1 Qxe2 19. Rxe2 a6 20. f5 exf5 21. Nxf5 Rcd8 22.
Rd1 g6 23. Nd4 Rfe8 24. Rde1 Rxe2 25. Rxe2 Re8 26. Kf2 Kf8 27. Rxe8+ Kxe8 28. Ke3 Kd7 29. Ne2 Kd6 30. Kd4 g5 31. h4 h6 32. hxg5 hxg5 33. Ng1 Nh5 34. Ne2 Ng7 35. g4 f5 36. Ke3 f4+ 37. Kd3 Ne6 38. Nd4 b5 39. Nxe6 Kxe6 40.
Kd4 Kd6 41. b4 Ke6 42. Kc5 Ke5 43. a3 Ke6 44. Kb6 d4 45. cxd4 Kd5 46. Kxa6 Kxd4 47.
Kxb5 Ke3 48. a4 Kxf3 49. a5 Kxg4 50. a6 f3 51. a7 f2 52. a8=Q f1=Q+ 53. Kc5 Qc1+ 54.
Kb6 Qe3+ 55. Kb5 Qd3+ 56. Kc5 Qc3+ 57. Kb5 Qd3+ 58. Kc5 Qc3+ 59. Kb5 Qd3+ 1/2-1/2

[Event "Early-Titled-Tuesday-Blitz-September-26-2023"]
[Site "Chess.com"]
[Date "2023.09.26"]
[Round "11"]
[White "CSB7"]
[Black "MITerryble"]
[Result "1-0"]
[WhiteElo "2759"]
[BlackElo "2929"]
[TimeControl "180+1"]
[EndTime "10:05:10 PDT"]
[Termination "CSB7 won by resignation"]

1. e4 e6 2. d4 d5 3. exd5 exd5 4.
Nf3 Nc6 5. c3 Bd6 6. Bd3 Bg4 7.
h3 Bh5 8. O-O Nge7 9. Re1 Qd7 10. Nbd2 Bg6 11. Nf1 O-O 12. Bxg6 Nxg6 13. Bd2 Nce7 14.
Qc2 f6 15. Re2 c6 16. Rae1 Rae8 17. Ng3 Bxg3 18. fxg3 Nc8 19. h4 Rxe2 20. Rxe2 Nge7 21. Bf4 Nf5 22. g4 Nfd6 23. g5 Ne4 24. gxf6 gxf6 25. Nd2 Ncd6 26. Bxd6 Nxd6 27. Qd3 Kh8 28. Qg3 Nf5 29.
Qf4 Nd6 30. Nf3 Ne4 31. Ng5 Nxg5 32. hxg5 f5 33. g6 Qg7 34. gxh7 Qf6 35. Re5 Kxh7 36. Re3 Rf7 37. Rh3+ Kg8 38. Rg3+ Kh7 39. Rh3+ Kg7 40. Qb8 Rf8 41. Qxb7+ Rf7 42. Qb8 Rf8 43. Qxa7+ Rf7 44. Qb8 Rf8 45. Qg3+ Kf7 46. Rh7+ Ke6 47. Qe3+ Kd6 48.
Rh6 1-0

[Event "Early-Titled-Tuesday-Blitz-September-26-2023"]
[Site "Chess.com"]
[Date "2023.09.26"]
[Round "11"]
[White "Darius321"]
[Black "Katuducha"]
[Result "1/2-1/2"]
[WhiteElo "2328"]
[BlackElo "2217"]
[TimeControl "180+1"]
[EndTime "10:05:13 PDT"]
[Termination "Game drawn by repetition"]

1. e4 c5 2. Nf3 d6 3. Bb5+ Bd7 4. Bxd7+ Nxd7 5. O-O Ngf6 6. Re1 e6 7. c3 c4 8. b3 b5 9. a4 cxb3 10. axb5 Qb6 11.
Qxb3 Nc5 12. Qb4 Nd3 13. Qd4 Qxd4 14. cxd4 Nxe1 15. Nxe1 Nxe4 16. b6 Rb8 17. bxa7 Ra8 18. Na3 Kd7 19. Nb5 Be7 20. f3 Nf6 21. Nd3 Nd5 22.
Nb2 Rhc8 23. Na4 Rc6 24. Nac3 Nxc3 25. dxc3 Rb6 26. c4 Rb7 27. Be3 d5 28. Ra5 dxc4 29. d5 exd5 30. Nc3 Bb4 31. Rxd5+ Ke6 32. Rd4 Bxc3 33. Rxc4 Ba5 34. Kf2 Bb6 35. Rc6+ Kd5 36. Rxb6 Raxa7 37. Rb5+ Rxb5 38. Bxa7 g5 39. Be3 h6 40. h4 Rb2+ 41. Kg3 Re2 42. Bc1 gxh4+ 43. Kh3 h5 44. Bg5 Ke5 45. Bxh4 Kf5 46. Bg3 Ra2 47. Bh4 Ra1 48. Kg3 Rh1 49. Be7 f6 50. Bd6 h4+ 51.
Kf2 Rd1 52. Bc7 Rc1 53. Bb8 Rc2+ 54. Kg1 Kg5 55. Kh2 f5 56. Bd6 Re2 57. Bc7 f4 58. Bd8+ Kh5 59. Bc7 Kg5 60. Bd8+ Kh5 61. Bc7 Kg5 1/2-1/2